 Dungeon Crawl Stone Soup version 0.22.1-1-ga44c0e5 (webtiles) character file.

597 Lavandula the Chopper (level 7, -7/85 HPs)
             Began as a Centaur Berserker on Oct 16, 2018.
             Was a Believer of Trog.
             Killed by divine providence
             ... invoked by an orc priest
              (17 damage)
             ... on level 6 of the Dungeon.
             The game lasted 00:07:46 (1624 turns).

Lavandula the Chopper (Centaur Berserker)           Turns: 1624, Time: 00:07:47

Health: -7/85      AC:  6    Str: 26    XL:     7   Next: 17%
Magic:  7/7        EV:  9    Int:  6    God:    Trog [**....]
Gold:   25         SH:  0    Dex:  9    Spells: 6/6 levels left

rFire    . . .     SeeInvis .   f - +0 war axe
rCold    . . .     Gourm    .   (no shield)
rNeg     . . .     Faith    .   p - +0 ring mail
rPois    .         Spirit   .   i - +0 helmet
rElec    .         Reflect  .   (no cloak)
rCorr    .         Harm     .   (no gloves)
MR       .....                  (no barding)
Stlth    ..........             (no amulet)
HPRegen  0.24/turn              (no ring)
MPRegen  0.10/turn              (no ring)

@: berserking (expiring), very quick
A: large, hooves 3, deformed body, speed 2, tough skin 3
a: Berserk, Trog's Hand, Renounce Religion


You were on level 6 of the Dungeon.
You worshipped Trog.
Trog was pleased with you.
You were hungry.

You visited 1 branch of the dungeon, and saw 6 of its levels.

You collected 151 gold pieces.
You spent 126 gold pieces at shops.

Inventory:

Hand Weapons
 a - a +0 hand axe
 f - a +0 war axe (weapon)
 j - a +0 blowgun
Missiles
 k - 9 poisoned needles
Armour
 b - a +0 animal skin
 i - a +0 helmet (worn)
 p - a +0 ring mail (worn)
Wands
 t - a wand of random effects (41)
Scrolls
 d - a scroll of fog {unknown}
 g - 2 scrolls of blinking
 l - 3 scrolls of teleportation
 m - a scroll of fear {unknown}
 n - 3 scrolls of remove curse
 r - a scroll of noise {unknown}
Potions
 e - 3 potions of curing
 h - a potion of magic
 q - a potion of flight {unknown}
 s - a potion of lignification
Comestibles
 c - 6 rations


   Skills:
 - Level 3.0 Fighting
 + Level 7.6 Axes
 - Level 1.3 Armour
 - Level 1.3 Dodging


You had 6 spell levels left.
You didn't know any spells.
Your spell library contained the following spells:

 Spells                   Type           Power        Failure   Level  Hunger
 Confusing Touch          Hex            #.....       58%         1    ##.....
 Confuse                  Hex            #.......     92%         3    ####...
 Gell's Gravitas          Tloc           #.........   92%         3    ####...
 Petrify                  Tmut/Erth      #.......     100%        4    #####..
 Metabolic Englaciation   Hex/Ice        #.........   100%        5    ######.
 Yara's Violent Unravell  Hex/Tmut       #.........   100%        5    ######.


Dungeon Overview and Level Annotations

Branches:
Dungeon (6/15)             Temple (0/1) D:6

Altars:
Makhleb
Wu Jian
Yredelemnul

Shops:
D:5 ?


Innate Abilities, Weirdness & Mutations

You have hooves in place of feet.
Armour fits poorly on your strangely shaped body.
You cover ground very quickly.
You have extremely tough skin. (AC +3)


Message History

You destroy the centaur zombie!
Trog accepts your kill.
The orc warrior hits you with a dire flail!!
* * * LOW HITPOINT WARNING * * *
You slash the orc warrior!
You kill the orc warrior!
Trog accepts your kill.
Your life force feels restored.
You have reached level 7!
You hit the orc priest. You slash the orc!
You kill the orc!
Trog accepts your kill. The orc priest barely misses you.
You hit the orc priest.
You kill the orc priest!
Trog accepts your kill.
Unknown command.
The orc priest mumbles some strange prayers to Beogh against you.
Beogh smites you!
You die...

#........ #........
########........
#.............o.
#...............
#..............o
#............... #.......o#
#####.)@# #.#.# #.#)# #.
#...#..... ...
##########...#.#... ...
#.................. ...
#................... ####.###
#..######......####.##.##....
. ................)....#...⌠.


You could see an orc priest.

Vanquished Creatures
  An orc warrior (D:6)
  A bullfrog (D:6)
  A howler monkey (D:6)
  2 orc priests
  A centaur zombie (D:6)
  4 orc wizards
  A worker ant (D:4)
  An iguana (D:4)
  Robin (D:4)
  2 worker ant zombies
  3 adders
  A shadow imp (D:6)
  A dart slug (D:5)
  3 leopard geckos
  12 orcs
  4 bats
  3 giant cockroaches
  9 goblins
  7 hobgoblins
  3 quokkas
  4 frilled lizards
  4 kobolds
  A leopard gecko skeleton (D:5)
70 creatures vanquished.

Notes
Turn   | Place    | Note
-------+----------+-------------------------------------------
     0 | D:1      | Lavandula the Centaur Berserker began the quest for the
                  | Orb.
     0 | D:1      | Reached XP level 1. HP: 19/19 MP: 1/1
    50 | D:1      | Reached skill level 3 in Axes
   124 | D:2      | Reached XP level 2. HP: 26/26 MP: 2/2
   245 | D:3      | Reached XP level 3. HP: 11/31 MP: 3/3
   296 | D:3      | Reached skill level 4 in Axes
   435 | D:4      | Reached XP level 4. HP: 22/38 MP: 4/4
   568 | D:4      | Reached ** piety under Trog
   604 | D:4      | Noticed Robin
   624 | D:4      | Killed Robin
   624 | D:4      | Reached skill level 5 in Axes
   705 | D:4      | Reached XP level 5. HP: 45/45 MP: 5/5
   744 | D:5      | Entered Level 5 of the Dungeon
   857 | D:5      | Found an ornate altar of the Wu Jian Council.
   890 | D:5      | Found Fiqil's Magic Scroll Shoppe.
   905 | D:5      | Reached skill level 6 in Axes
   931 | D:5      | Bought a scroll of blinking for 82 gold pieces
  1097 | D:5      | Reached XP level 6. HP: 51/51 MP: 6/6
  1352 | D:5      | Found a burning altar of Makhleb.
  1355 | D:5      | Found a basalt altar of Yredelemnul.
  1391 | D:5      | Bought a scroll of identify for 22 gold pieces
  1391 | D:5      | Bought a scroll of identify for 22 gold pieces
  1473 | D:6      | Reached skill level 7 in Axes
  1535 | D:6      | Noticed an orc warrior
  1570 | D:6      | Found a staircase to the Ecumenical Temple.
  1622 | D:6      | Killed an orc warrior
  1622 | D:6      | Reached XP level 7. HP: 9/57 MP: 7/7
  1624 | D:6      | Killed from afar by an orc priest

Skill      XL: |  1  2  3  4  5  6 |
---------------+-------------------+-----
Axes           | 3 4 5 6 7 |  7.6
Fighting       | |  3.0
Armour         | |  1.3
Dodging        | |  1.3

Action                   |  1- 3 |  4- 6 |  7- 9 || total
-------------------------+-------+-------+-------++-------
Melee: Hand axe          |    63 |     7 |       ||    70
       Kick              |    11 |    22 |       ||    33
       War axe           |       |    84 |     1 ||    85
Invok: Berserk           |     2 |     6 |       ||     8
       Trog's Hand       |       |     1 |       ||     1
  Use: Scroll            |     2 |     4 |       ||     6
  Eat: Chunk             |       |     9 |       ||     9
Armor: Animal skin       |    25 |     6 |       ||    31
       Ring mail         |       |    24 |       ||    24
Dodge: Dodged            |    35 |    37 |     1 ||    73
